Unix NetHack Version 3.7.0-88 Work-in-progress - last build Aug 21 2023 14:09:19 (b68ccb3e4f8f5dcb83e1e40b1ff56e7dffd4cd28,branch:master). Game began 2023-08-21 01:45:39, ended 2023-08-29 15:07:48. Grasshopper, neutral male human Wizard ------------ .............. ........[....)..-- |.........[.)...-- |..............-- ----- |.........?....| ...| ------...------- ---------).-- ----.---- |..ww.0.|...-- --.....).- |.wwwAww|....---.....[).$ |..w@A.w+.....-....)).... |wwwww).|[.?.---........ |D.Vw.w.|$..-- --...... ---------$.-- ------ ...| ----- Grasshopper the Mage St:18/** Dx:22 Co:18 In:18 Wi:18 Ch:19 Neutral S:1198983 Astral Plane $:931 HP:443(443) Pw:470(569) AC:-51 Xp:30/100005300 Satiated T:47475 Latest messages: Many creatures shift locations. The purple worm drops a long sword. The purple worm bites the high priest of Thoth. The purple worm swallows the high priest of Thoth. "Burrrrp!" The high priest of Thoth is killed! The purple worm drops a long sword. The purple worm picks up an elven leather helm. The purple worm drops a mace. The guardian Angel of Thoth picks up a long sword. Arnold drops a long sword. Arnold drops a long sword. What do you want to use or apply? [cfi-km-qs-vzAEJLMO-RUVX or ?*] q You produce a strange whistling sound. Many creatures shift locations. Arnold picks up a long sword. What do you want to use or apply? [cfi-km-qs-vzAEJLMO-RUVX or ?*] q You produce a strange whistling sound. Many creatures shift locations. The purple worm drops a long sword. The purple worm bites the purple worm. The purple worm bites the purple worm. The purple worm drops an elven leather helm. Arnold drops a long sword. The purple worm drops a wand of cold. The purple worm bites the yellow dragon. The purple worm misses the yellow dragon. The yellow dragon bites the purple worm. The yellow dragon hits the purple worm. The yellow dragon hits the purple worm. The guardian Angel of Thoth picks up a wand of cold. The purple worm picks up a long sword. The purple worm misses Arnold. The purple worm misses Arnold. The guardian Angel of Thoth picks up a long sword. What do you want to use or apply? [cfi-km-qs-vzAEJLMO-RUVX or ?*] s In what direction? 9 Status of Arnold (lawful, large): Level 28 HP 224(224) AC -32, tame, fast. What do you want to sacrifice? [g or ?*] g You offer the Amulet of Yendor to Thoth... An invisible choir sings, and you are bathed in radiance... The voice of Thoth thunders: "Mortal, thou hast done well!" "In return for thy service, I grant thee the gift of Immortality!" You ascend to the status of Demigod... Do you want your possessions identified? [ynq] (y) y Do you want to see your attributes? [ynq] (y) y Do you want an account of creatures vanquished? [ynaq] (y) y Do you want a list of extinct species? [ynaq] (y) y Do you want to see your conduct and achievements? [ynq] (y) y Do you want to see the dungeon overview? [ynq] (y) y Inventory: Coins ('$') $ - 931 gold pieces Amulets ('"') I - the blessed Eye of the Aethiopica (being worn) Weapons (')') a - the blessed rustproof +6 Magicbane (weapon in hand) w - 12 blessed poisoned rustproof +9 darts x - 9 blessed rustproof +9 darts (at the ready) W - a blessed +3 boomerang named +3 Y - the blessed rustproof +6 Frost Brand (alternate weapon; not wielded) Armor ('[') b - a blessed fireproof +5 cloak of protection (being worn) B - a blessed fireproof +5 pair of water walking boots (being worn) D - a blessed fireproof +4 small shield (being worn) G - a blessed fireproof +5 pair of gauntlets of dexterity (being worn) H - a blessed fireproof +7 cornuthaum (being worn) S - a blessed +5 silver dragon scale mail (being worn) T - a blessed +5 Hawaiian shirt with a ukulele motif (being worn) Comestibles ('%') C - an uncursed magic lamp F - a blessed lizard corpse named Lizard of Oz Scrolls ('?') d - a blessed scroll of create monster Wands ('/') f - an uncursed wand of speed monster (0:2) j - an uncursed wand of cold (1:13) m - an uncursed wand of digging (0:7) n - an uncursed wand of cold (0:5) o - an uncursed wand of death (0:4) p - an uncursed wand of lightning (0:6) v - an uncursed wand of teleportation (0:1) z - an uncursed wand of teleportation (1:3) E - an uncursed wand of sleep (0:3) J - an uncursed wand of slow monster (0:0) M - an uncursed wand of digging (0:6) O - an uncursed wand of teleportation (0:1) Q - an uncursed wand of light (0:8) X - an uncursed wand of cold (0:5) Rings ('=') e - an uncursed +4 ring of increase damage (on right hand) K - a blessed +3 ring of increase damage (on left hand) Potions ('!') y - a blessed potion of full healing Tools ('(') c - a blessed skeleton key i - a blessed greased bag of holding containing 102 items k - the uncursed Candelabrum of Invocation (7 of 7 candles, lit) q - a blessed magic whistle s - a blessed stethoscope t - a blessed wet towel u - a blessed +0 unicorn horn A - a blessed magic harp (0:1) L - an uncursed magic lamp P - the blessed Platinum Yendorian Express Card R - an uncursed tooled horn U - a blessed oilskin sack named <<< CANCELLATION >>> containing 3 items V - an uncursed can of grease (0:25) Gems/Stones ('*') N - a blessed luckstone Contents of the bag of holding: an uncursed amulet of guarding an uncursed amulet of magical breathing an uncursed amulet of reflection 8 blessed +6 daggers named +6 a blessed +0 pair of elven boots named +0 a blessed fireproof +4 pair of speed boots a blessed +1 cloak of magic resistance a blessed +1 mummy wrapping named +1 a cursed -1 mummy wrapping a blessed greased fireproof +4 robe an uncursed magic lamp a blessed carrot an uncursed clove of garlic 2 blessed eucalyptus leaves 2 uncursed fortune cookies 3 uncursed K-rations 4 uncursed lembas wafers 4 uncursed lumps of royal jelly 2 uncursed pancakes 5 uncursed tripe rations 2 blessed eggs named chook a blessed cockatrice egg 2 uncursed eggs named chook 2 blessed scrolls of blank paper a cursed scroll of blank paper 2 blessed scrolls of charging 2 uncursed scrolls of earth 2 blessed scrolls of genocide 3 blessed scrolls of gold detection 2 blessed scrolls of stinking cloud 2 cursed scrolls of teleportation an uncursed wand of cold (0:4) an uncursed wand of cold (0:4) an uncursed wand of cold named 1 (0:3) an uncursed wand of cold named 45 (0:1) an uncursed wand of death (0:7) a blessed wand of digging (0:7) an uncursed wand of digging (0:8) an uncursed wand of digging (0:8) an uncursed wand of digging (0:8) an uncursed wand of digging (0:8) an uncursed wand of enlightenment named 2 (0:7) an uncursed wand of fire named 1 (0:6) an uncursed wand of lightning (0:8) an uncursed wand of locking named 1 (2:2) an uncursed wand of magic missile (0:5) an uncursed wand of opening (0:6) a blessed wand of polymorph (3:5) a blessed wand of probing (1:15) an uncursed wand of sleep (0:7) an uncursed wand of sleep (0:7) an uncursed wand of sleep named 2 (0:2) an uncursed wand of slow monster (0:6) an uncursed wand of speed monster (1:8) an uncursed wand of speed monster (0:6) an uncursed wand of striking (0:8) an uncursed wand of undead turning (1:7) an uncursed wand of undead turning (0:4) an uncursed wand of wishing (1:2) an uncursed +1 ring of adornment an uncursed ring of conflict an uncursed +1 ring of gain constitution an uncursed ring of hunger an uncursed ring of levitation a blessed ring of polymorph an uncursed ring of polymorph control a blessed +1 ring of protection an uncursed ring of protection from shape changers an uncursed ring of regeneration an uncursed ring of searching named nc an uncursed ring of slow digestion an uncursed ring of stealth an uncursed ring of teleport control a blessed potion of acid 6 potions of holy water an uncursed potion of water 3 potions of unholy water an uncursed magic marker (1:50) an uncursed magic marker (1:37) 7 uncursed tallow candles 7 uncursed wax candles an uncursed agate stone 7 uncursed agate stones 6 uncursed amber stones 18 uncursed amethyst stones 15 uncursed aquamarine stones 7 uncursed black opals 7 uncursed chrysoberyl stones 10 uncursed citrine stones 4 uncursed diamonds 3 uncursed dilithium crystals an uncursed dilithium crystal 9 uncursed fluorite stones 10 uncursed garnet stones an uncursed jacinth stone an uncursed jacinth stone an uncursed jade stone 4 uncursed jade stones 3 uncursed jasper stones 9 uncursed jasper stones 3 uncursed sapphires an uncursed luckstone Contents of the oilskin sack named <<< CANCELLATION >>>: a blessed scroll of remove curse an uncursed scroll of scare monster an uncursed wand of cancellation (0:7) Grasshopper the Wizard's attributes: Background: You were a Mage, a level 30 male human Wizard. You were neutral, on a mission for Thoth who was opposed by Ptah (lawful) and Anhur (chaotic). You were in the endgame, on the Astral Plane. You entered the dungeon 47475 turns ago. You had 100005300 experience points. Your score was 1198983 before end-of-game adjustments. Basics: You had all 443 hit points. You had 470 out of 569 energy points (spell power). Your armor class was -51. Your wallet contained 931 zorkmids. Autopickup was on for '$"%?+/=!*' plus thrown, with exceptions. Final Characteristics: Your strength was 18/100 (limit:18/100). Your dexterity was 22 (base:17, peak:18, innate limit:18). Your constitution was 18 (limit:18). Your intelligence was 18 (limit:18). Your wisdom was 18 (limit:18). Your charisma was 19 (base:18, innate limit:18). Final Status: You were satiated. You were unencumbered. You were wielding a dagger. You had expert skill with dagger. Final Attributes: You were the Envoy of Balance. You were piously aligned. You were magic-protected. You were fire resistant. You were cold resistant. You were sleep resistant. You were disintegration resistant. You were shock resistant. You were poison resistant. You saw invisible. You were telepathic. You were warned. You had automatic searching. You were clairvoyant. You would have confused monsters when hitting them. You were invisible to others. You could teleport. You had teleport control. You could walk on water. You could survive without air. You had a large damage bonus (+7). You had a moderate defense bonus (+10). You were protected. You took half spell damage. You were very fast. You had reflection. You were extremely lucky. You had extra luck. Good luck did not time out for you. You survived. Miscellaneous: You never encountered a bones level. Total elapsed playing time was 1 day, 23 hours, 4 minutes and 4 seconds. Major events: Turn 1: Grasshopper the neutral male human Wizard entered the dungeon 245: attained the rank of Conjurer (level 3) 1116: entered the Gnomish Mines 1358: read a Discworld novel 1824: attained the rank of Thaumaturge (level 6) 2702: reached Mine Town 5749: entered Sokoban 6049: completed 1st Sokoban level 6391: completed 2nd Sokoban level 9024: attained the rank of Magician (level 10) 11232: completed 3rd Sokoban level 12091: completed 4th Sokoban level 12193: acquired the Sokoban bag of holding 12603: was bestowed with Magicbane by Thoth 13463: entered the Bigroom 18729: made his first wish - "blessed rustproof platinum yendorian express card", got "a credit card named the Platinum Yendorian Express Card" 20417: killed Medusa 21978: attained the rank of Enchanter (level 14) 24890: killed the Dark One 24901: found the Eye of the Aethiopica on the floor 24901: acquired the Bell of Opening 29168: entered Gehennom 29249: Inniscrone, the second-hand bookstore proprietrix, has been killed 31617: killed Asmodeus 31662: killed Baalzebub 31700: killed Juiblex 31763: killed Orcus 33158: attained the rank of Sorcerer (level 18) 34624: was bestowed with Frost Brand by Thoth 38610: destroyed Vlad the Impaler 38613: acquired the Candelabrum of Invocation 38802: found Sunsword carried by a monster 41340: became Thoth's Envoy of Balance 41340: was bestowed with spellbook of finger of death 42385: attained the rank of Necromancer (level 22) 44607: killed the Wizard of Yendor 44608: acquired the Book of the Dead 44648: performed the invocation 44881: killed the Wizard of Yendor (2nd time) 44894: killed the high priest of Moloch 44902: acquired The Amulet of Yendor 45046: killed the Wizard of Yendor (3rd time) 45078: wished for "blessed greased fireproof oilskin sack", got "a greased bag" 46599: wished for "uncursed magic marker", got "a magic marker" 46625: wished for "uncursed magic marker", got "a magic marker" 46830: attained the rank of Wizard (level 26) 46841: wished for "uncursed magic marker", got "a magic marker" 47008: killed the Wizard of Yendor (5th time) 47164: attained the rank of Mage (level 30) 47257: entered the Elemental Planes 47257: entered Plane of Earth 47278: entered Plane of Air 47339: entered Plane of Fire 47358: entered Plane of Water 47414: entered the Astral Plane 47471: the high priest of Thoth has been killed (2nd time) 47475: ascended Vanquished creatures: Asmodeus Baalzebub Orcus Juiblex the Wizard of Yendor (7 times) Vlad the Impaler 3 arch-liches 2 high clerics a mastodon Medusa 8 krakens 2 iron golems 6 master liches a titan 3 glass golems 5 balrogs a purple worm a gray dragon a gold dragon 6 silver dragons 5 red dragons 3 white dragons 3 orange dragons 5 black dragons 4 blue dragons 5 green dragons 5 yellow dragons 28 minotaurs 3 jabberwocks the Dark One 5 baluchitheria 27 Angels 7 demiliches 2 stone golems 6 master mind flayers 8 Olog-hai 3 Nazgul 7 pit fiends a sandestin 5 hell hounds 4 displacer beasts 8 titanotheres 6 trappers 4 baby yellow dragons 2 guardian nagas a genetic engineer 3 disenchanters 27 vampire leaders 5 skeletons a shopkeeper 2 prisoners 39 aligned clerics 6 captains 6 shades 5 liches 4 clay golems 10 nurses 3 ice devils 7 nalfeshnees 3 lurkers above an Aleax a frost giant 5 ettins a golden naga 9 black puddings 33 vampires 4 lieutenants 31 ghosts a barbarian a rogue a valkyrie a wizard 3 queen bees 9 winged gargoyles 6 mind flayers 10 giant mimics 10 long worms 10 zruties 3 fire giants 8 ogre tyrants 6 ice trolls 5 rock trolls 8 umber hulks 2 flesh golems 3 elven monarchs 5 doppelgangers 7 hezrous 2 bone devils 8 large mimics 5 wumpuses 2 fire vortices a baby purple worm 4 couatls 14 stalkers 10 air elementals 10 fire elementals an earth elemental 12 water elementals 18 hill giants 5 giant mummies 7 black nagas 13 xorns 19 giant zombies 24 elf-nobles 7 sergeants 7 barbed devils 12 vrocks 3 salamanders 15 wargs 2 winter wolves 2 hell hound pups 19 small mimics a glass piercer 7 warhorses 3 steam vortices 14 xans 6 ettin mummies 6 ogre leaders 10 quantum mechanics 13 trolls a sasquatch 2 wood golems 3 erinyes 5 mariliths a djinni 4 sharks 5 electric eels 7 gelatinous cubes 2 pyrolisks 4 large dogs 4 freezing spheres 6 flaming spheres 7 shocking spheres 2 large cats 9 tigers 5 gargoyles 4 dwarf rulers 16 tengu 16 ochre jellies 5 leocrottas 5 energy vortices 4 mountain centaurs 3 stone giants 8 elf mummies 5 human mummies 2 red nagas 7 green slimes 8 pythons 7 pit vipers 7 cobras 53 wraiths 5 carnivorous apes 21 ettin zombies 2 leather golems 14 Grey-elves 48 soldiers 8 amorous demons 6 horned devils 10 chameleons 3 crocodiles 15 giant beetles 7 quivering blobs 16 cockatrices 9 wolves 4 winter wolf cubs 3 lynxes 3 panthers 13 gremlins 4 spotted jellies 65 leprechauns 5 orc-captains 9 iron piercers 3 mumakil 10 giant spiders 7 scorpions 6 horses an ice vortex 7 black lights 59 vampire bats 5 forest centaurs 4 gnome rulers 7 orc mummies 5 dwarf mummies 6 ogres 6 brown puddings 11 rust monsters 14 owlbears 8 yetis 3 gold golems 4 werewolves 27 Green-elves 6 piranha 28 giant eels 21 lizards an apprentice 7 chickatrices 6 dingoes 3 dogs a housecat 6 jaguars 5 dwarf leaders 7 blue jellies 3 white unicorns 5 gray unicorns 2 black unicorns 8 dust vortices 20 ravens 2 plains centaurs 4 gnome mummies 21 snakes 14 apes 29 human zombies 2 rope golems 4 Woodland-elves 6 soldier ants 15 fire ants 5 bugbears 11 imps 4 lemures 6 quasits 5 wood nymphs 3 water nymphs 5 mountain nymphs 11 Mordor orcs 24 Uruk-hai 9 orc shamans 18 rock piercers 8 rock moles 6 ponies 8 fog clouds 15 yellow lights 4 shriekers 8 violet fungi 22 gnome leaders 3 gnomish wizards a kobold mummy 4 black naga hatchlings a guardian naga hatchling 8 gray oozes 3 barrow wights 30 elf zombies 20 ghouls 3 straw golems 4 paper golems 3 jellyfish 31 giant ants 4 little dogs 9 floating eyes a kitten 23 dwarves 9 homunculi 2 kobold leaders 16 hill orcs 24 rothes 4 rabid rats 2 centipedes 14 giant bats 2 monkeys 15 orc zombies 18 dwarf zombies 2 wererats 2 werejackals 16 iguanas 87 killer bees 6 acid blobs 8 coyotes 4 gas spores 5 hobbits 15 manes 3 large kobolds 8 hobgoblins 19 giant rats 14 cave spiders 2 brown molds 2 yellow molds 3 green molds 3 red molds 57 gnomes 18 garter snakes 8 gnome zombies 13 geckos 32 jackals a fox 2 kobolds 10 goblins 10 sewer rats 11 grid bugs 10 bats 17 lichens 17 kobold zombies 12 newts 2547 creatures vanquished. Extinct species: erinyes (extinct) 1 species extinct. Voluntary challenges: You read items or engraved 250 times. You never engraved Elbereth. You never genocided any monsters. You used 5 wishes (1 for an artifact). You did not violate any of the special Sokoban rules. Achievements: You attained the rank of Conjurer. You entered a shop. You entered the Gnomish Mines. You read from a Discworld novel. You attained the rank of Thaumaturge. You entered Minetown. You entered a temple. You entered Sokoban. You attained the rank of Magician. You completed Sokoban. You entered the Big Room. You defeated Medusa. You attained the rank of Enchanter. You handled the Bell of Opening. You entered Gehennom. You attained the rank of Sorcerer. You had the Candelabrum of Invocation. You attained the rank of Necromancer. You handled the Book of the Dead. You gained access to Moloch's Sanctum. You attained the rank of Wizard. You attained the rank of Mage. You reached the Elemental Planes. You reached the Astral Plane. You delivered the Amulet of Yendor. You ascended! The Elemental Planes: Astral Plane: <- You are here. A temple to Thoth. Plane of Water: Plane of Fire: Plane of Air: Plane of Earth: The Dungeons of Doom: levels 1 to 25 Level 1: One way stairs up to The Elemental Planes. Level 2: An untended shop, some fountains. Level 3: "LAIR" An armor shop, an altar to Thoth. Stairs down to The Gnomish Mines. Level 4: A scroll shop. Level 5: A fountain. Level 6: A fountain. Level 7: "Oracle" Many fountains. Oracle of Delphi. Level 8: "lp" Stairs up to Sokoban, level 7. Level 9: Some fountains. Level 10: A fountain. Level 11: "junk near >" Level 12: A very big room. Level 13: "-s" Level 14: A fountain. Portal to The Quest. Level 15: "lp" Level 16: "stash near down" A primitive area. Level 17: Level 18: "lp" Level 19: "lp" Level 20: A fountain. Level 21: Some fountains. Level 22: Level 23: "Medusa" Some fountains, many trees. Level 24: A fountain. Level 25: "Castle" A fountain. The castle. Connection to Gehennom. Gehennom: levels 26 to 46 Level 26: A temple, many graves. Valley of the Dead. Level 27: "Asmo lp c" Level 28: "fin" Level 29: Level 30: Level 31: "Baalz" Level 32: Level 33: "poly" Level 34: Level 35: "poly" Level 36: "lp" Level 37: "Orcus" Some shops, an altar, many graves. Stairs up to Vlad's Tower, level 36. Level 38: "Rodders" Level 39: Level 40: "wiz bottom" Level 41: Level 42: "wiz portal boulders" Level 43: Level 44: Level 45: "VS" Level 46: A temple, many graves. Moloch's Sanctum. The Gnomish Mines: levels 4 to 11 Level 4: Level 5: Level 6: Level 7: Some shops, a temple to Thoth, some fountains. Level 8: Level 9: "u" Level 10: Level 11: The Quest: levels 1 to 6 Level 1: "poly" Completed quest for Neferet the Green. Level 2: "poly" Level 3: "poly" Level 4: Level 5: Level 6: A temple to Thoth. Sokoban: levels 7 up to 4 Level 4: Solved. Level 5: Solved. Level 6: Solved. Level 7: Solved. Vlad's Tower: levels 36 up to 34 Level 34: Level 35: Level 36: Goodbye Grasshopper the Demigod... You and Arnold and the guardian Angel of Thoth and the purple worm and the purple worm and the purple worm and the purple worm and the purple worm and the purple worm went to your reward with 2601417 points, Magicbane (worth 3500 zorkmids and 8750 points) The Candelabrum of Invocation (worth 5000 zorkmids and 12500 points) The Eye of the Aethiopica (worth 4000 zorkmids and 10000 points) The Platinum Yendorian Express Card (worth 7000 zorkmids and 17500 points) Frost Brand (worth 3000 zorkmids and 7500 points) 18 amethyst stones (worth 10800 zorkmids), 15 aquamarine stones (worth 22500 zorkmids), 12 jasper stones (worth 6000 zorkmids), 10 citrine stones (worth 15000 zorkmids), 10 garnet stones (worth 7000 zorkmids), 9 fluorite stones (worth 3600 zorkmids), 8 agate stones (worth 1600 zorkmids), 7 black opals (worth 17500 zorkmids), 7 chrysoberyl stones (worth 4900 zorkmids), 6 amber stones (worth 6000 zorkmids), 5 jade stones (worth 1500 zorkmids), 4 dilithium crystals (worth 18000 zorkmids), 4 diamonds (worth 16000 zorkmids), 3 sapphires (worth 9000 zorkmids), 2 jacinth stones (worth 6500 zorkmids), 1 amulet of reflection (worth 150 zorkmids), 1 amulet of magical breathing (worth 150 zorkmids), 1 amulet of guarding (worth 150 zorkmids), and 931 pieces of gold, after 47475 moves. You were level 30 with a maximum of 443 hit points when you ascended.